[Event "Team 45 45 League T72"]
[Site "Internet Chess Club"]
[Date "2017.04.02"]
[Round "3"]
[White "bayoumicardio10"]
[Black "Portola"]
[Result "0-1"]
[WhiteElo "1573"]
[BlackElo "1779"]
[Opening "French: King's Indian attack"]
[ECO "C00"]
[Time "14:30:38"]
[TimeControl "2700+45"]

1. e4 e6 2. d3 d5 3. Nd2 c5 4. Ngf3 Nc6 5. g3 Bd6 6. Bg2 Nge7 7. O-O O-O 8. Re1
f6 9. Nf1 Qc7 10. h4 Bd7 11. N1h2 Rae8 12. Ng4 d4 13. h5 e5 14. Nh4 f5 15. exf5
Nxf5 16. Nxf5 Bxf5 17. h6 g6 18. Bg5 Bxg4 19. Qxg4 Qf7 20. Re2 Qf5 21. Qxf5 Rxf5
22. f4 Rff8 23. Rae1 Kh8 24. Bxc6 bxc6 25. fxe5 Be7 26. Bxe7 Rxe7 27. e6 Kg8 28.
Re5 Rf6 29. Rxc5 Rfxe6 30. Rxe6 Rxe6 31. Rc4 Rd6 32. Ra4 Rd7 33. Ra5 Kf7 34. Kf2
Kf6 35. Kf3 Rc7 36. Ke4 g5 37. Kxd4 Kg6 38. Kc5 Kxh6 39. Ra6 Kh5 40. Rxc6 Rf7
41. d4 Kg4 42. Kd6 Kxg3 43. Rc3+ Kf4 44. Ke6 Rb7 45. Rh3 g4 46. Rh6 g3 47. Rf6+
Ke3 48. Rf1 g2 49. Re1+ Kf2 50. Rd1 g1=Q 51. Rxg1 Kxg1 52. d5 Rxb2 53. c4 Rc2
54. d6 Rxc4 55. d7 Rd4 56. Ke7 h5 57. d8=Q Rxd8 58. Kxd8 h4 {White resigns} 0-1

[Event "Team 45 45 League T72"]
[Site "Internet Chess Club"]
[Date "2017.03.31"]
[Round "3"]
[White "LinceHispano44"]
[Black "fishhead"]
[Result "0-1"]
[WhiteElo "1738"]
[BlackElo "1678"]
[Opening "King's Indian: Smyslov system"]
[ECO "E61"]
[Time "12:00:11"]
[TimeControl "2700+45"]

1. Nf3 Nf6 2. c4 g6 3. Nc3 Bg7 4. d4 d6 5. Bg5 h6 6. Bh4 g5 7. Bg3 Nh5 8. e4 Nc6
9. b4 Nxb4 10. Rc1 Bd7 11. Qb3 c5 12. d5 b6 13. a3 Na6 14. Bd3 Nc7 15. Bb1 Rb8
16. a4 a6 17. O-O b5 18. Rfe1 Nxg3 19. hxg3 b4 20. Nd1 e5 21. dxe6 Bxe6 22. Ne3
O-O 23. Qd3 Re8 24. e5 dxe5 25. Qh7+ Kf8 26. Nf5 Bxf5 27. Qxf5 Qf6 28. Qd7 Re7
29. Qd3 Rbe8 30. Nd2 Qc6 31. Ne4 Ne6 32. Qd5 Rc7 33. a5 Rd8 34. Qxc6 Rxc6 35.
Rcd1 Rxd1 36. Rxd1 Nd4 37. f3 Ke7 38. Kf2 Ke6 39. g4 Bf6 40. Nxf6 Kxf6 41. Ke3
Ke6 42. Be4 Rd6 43. Bd5+ Rxd5 44. cxd5+ Kxd5 45. Rh1 b3 46. Rxh6 b2 47. Rh1 Nc2+
48. Kd2 Na3 {White resigns} 0-1

[Event "Team 45 45 League T72"]
[Site "Internet Chess Club"]
[Date "2017.04.01"]
[Round "3"]
[White "Beetlejuice"]
[Black "zap2"]
[Result "0-1"]
[WhiteElo "1765"]
[BlackElo "1762"]
[Opening "King's Indian defense"]
[ECO "E60"]
[Time "08:52:40"]
[TimeControl "2700+45"]

1. d4 Nf6 2. c4 g6 3. f3 c5 4. d5 d6 5. Nc3 Bg7 6. e4 O-O 7. Be3 Na6 8. Qd2 Re8
9. Nge2 e6 10. g4 exd5 11. cxd5 Nxg4 12. fxg4 Qh4+ 13. Bf2 Qxg4 14. Rg1 Qh5 15.
Ng3 Qe5 16. Be3 Bd7 17. Bf4 Qe7 18. Nb5 Be5 19. Bxe5 Qxe5 20. O-O-O Rec8 21. Bc4
Nb4 22. a3 a6 23. Nc3 b5 24. Be2 a5 25. Rdf1 c4 26. Qf4 Qxf4+ 27. Rxf4 Nd3+ 28.
Bxd3 cxd3 29. Nh5 Bh3 30. Rf3 b4 31. Rxh3 bxc3 32. Rxd3 cxb2+ 33. Kxb2 a4 34.
Rc3 Rab8+ 35. Kc2 Rxc3+ 36. Kxc3 Rb3+ 37. Kc4 Kf8 38. Nf6 h5 39. Rg3 Rb2 40. h3
Ke7 41. e5 dxe5 42. Ne4 Rb1 43. d6+ Kd7 44. Rd3 f5 45. Nc5+ Kd8 46. d7 Rc1+ 47.
Kd5 e4 48. Rd1 Rxd1+ {White resigns} 0-1